 Dungeon Crawl Stone Soup version 0.22-a0-32-ga749362 (webtiles) character file.

11 mopl the Sneak (level 2, -3/19 HPs)
             Began as a Formicid Enchanter on Jan 3, 2018.
             Slain by an adder (5 damage)
             ... on level 2 of the Dungeon.
             The game lasted 00:01:01 (687 turns).

mopl the Sneak (Formicid Enchanter)                  Turns: 687, Time: 00:01:01

Health: -3/19      AC:  2    Str: 12    XL:     2   Next: 35%
Magic:  0/5        EV: 12    Int: 14    God:
Gold:   61         SH:  0    Dex: 11    Spells: 2/5 levels left

rFire    . . .     SeeInvis +   a - +1 dagger
rCold    . . .     Gourm    .   (no shield)
rNeg     . . .     Faith    .   b - +0 robe
rPois    .         Spirit   .   (helmet unavailable)
rElec    .         Reflect  .   (no cloak)
rCorr    .         Harm     .   (no gloves)
MR       .....                  (no boots)
Stlth    ++........             (no amulet)
HPRegen  0.06/turn              (no ring)
MPRegen  0.09/turn              (no ring)

@: very slightly contaminated
A: permanent stasis, dig shafts and tunnels, four strong arms, antennae 3
a: Dig, Shaft Self


You were on level 2 of the Dungeon.
You were not hungry.

You visited 1 branch of the dungeon, and saw 2 of its levels.

You collected 61 gold pieces.

Inventory:

Hand Weapons
 a - a +1 dagger (weapon)
Missiles
 e - 4 javelins (quivered)
Armour
 b - a +0 robe (worn)
Scrolls
 h - a scroll of magic mapping {unknown}
 l - a scroll of identify {unknown}
Potions
 f - a potion of berserk rage {unknown}
 g - a potion of invisibility {unknown}
 i - a potion of lignification {unknown}
 j - a potion of agility {unknown}
 k - a potion of might {unknown}
Books
 c - a book of Maledictions

   Spells                             Type                      Level
   a - Corona                         Hexes                        1
   b - Ensorcelled Hibernation        Hexes/Ice                    2
   c - Confuse                        Hexes                        3
   d - Tukima's Dance                 Hexes                        3
   e - Dazzling Spray                 Conjuration/Hexes            3
Comestibles
 d - 3 rations


   Skills:
 + Level 1.3 Short Blades
 - Level 1.7 Dodging
 + Level 3.9 Stealth
 + Level 2.4 Spellcasting
 + Level 3.8 Hexes
 + Level 0.1 Ice Magic


You had 2 spell levels left.
You knew the following spells:

 Your Spells              Type           Power        Failure   Level  Hunger
a - Corona                Hex            ##.....      4%          1    #......
b - Ensorcelled Hibernat  Hex/Ice        #.....       16%         2    ###....


Dungeon Overview and Level Annotations

Branches:
Dungeon (2/15)

Altars:
Ashenzari


Innate Abilities, Weirdness & Mutations

You cannot be hasted, slowed, berserked, paralysed or teleported.
You can dig through walls and to a lower floor.
Your four strong arms can wield two-handed weapons with a shield.
You have a pair of large antennae on your head. (SInv)


Message History

The adder is outlined in light.
The adder bites you but does no damage.
Unknown command.
You hit the adder but do no damage.
The adder bites you but does no damage. x2
You hit the adder.
The adder is moderately wounded.
The adder misses you.
You hit the adder.
The adder is severely wounded.
The adder bites you.
* * * LOW HITPOINT WARNING * * *
You hit the adder.
The adder is almost dead.
The adder barely misses you.
You closely miss the adder.
The adder is almost dead.
The adder misses you.
You hit the adder but do no damage.
The adder is almost dead.
The adder closely misses you. The adder bites you.
You die...

##...#....##
##....#)....##
##.....#......##
#......#.......#
###.###.......(####
...............#
.##............#
############......#
....<..@Sg..#.#####
###########.#.#
####.#.####
#.........#
#.##.#.#....
#.##.#... .#
#.##.#.#..
#.##.#.##..#
#.##.#.# ...


You could see an adder and a hobgoblin.

Vanquished Creatures
  A dart slug (D:1)
  3 goblins
  A hobgoblin (D:2)
  A bat (D:2)
  3 rats (D:1)
9 creatures vanquished.

Notes
Turn   | Place    | Note
-------+----------+-------------------------------------------
     0 | D:1      | mopl the Formicid Enchanter began the quest for the Orb.
     0 | D:1      | Reached XP level 1. HP: 13/13 MP: 3/3
   405 | D:1      | Reached XP level 2. HP: 19/19 MP: 5/5
   409 | D:1      | Learned a level 2 spell: Ensorcelled Hibernation
   662 | D:2      | Found a shattered altar of Ashenzari.
   687 | D:2      | Slain by an adder

Vault maps used:
D:1:      saegor_arrival_simple_f
D:2:      lemuel_zombie_altar_yredelemnul, lemuel_doored_altar,
          nicolae_ashenzari_panopticon, amethyst_overflow_temple_binary

Action                   || total
-------------------------++-------
Melee: Dagger            ||    30
 Cast: Corona            ||     5
       Ensorcelled Hiber ||     2
 Stab: Sleeping          ||     4
Armor: Robe              ||     7
Dodge: Dodged            ||    20

Table legend:
 A = Spawn XP
 B = Non-spawn XP
 C = Spawn XP percentage of total XP
 D = Spawn monster count
 E = Non-spawn monster count
 F = Spawn count percentage of total count
 G = Total turns spent on level
                    A         B        C        D         E        F      G
               +---------+---------+-------+---------+---------+-------+---------
         Total |       0 |      16 |   0.0 |       0 |       9 |   0.0 |   687
               +---------+---------+-------+---------+---------+-------+---------
           D:1 |       0 |      11 |   0.0 |       0 |       6 |   0.0 |   600
           D:2 |       0 |       5 |   0.0 |       0 |       3 |   0.0 |    87
               +---------+---------+-------+---------+---------+-------+---------
